 Dungeon Crawl Stone Soup version 0.17-a0-530-gbe3d13a (webtiles) character file.

555 karlm the Firebug (level 7, -3/55 HPs)
             Began as a Naga Wizard on Apr 12, 2015.
             Was an Initiate of Vehumet.
             Slain by an ogre
             ... wielding a +0 giant club
              (23 damage)
             ... on level 6 of the Dungeon.
             The game lasted 00:15:07 (7495 turns).

karlm the Firebug (Naga Wizard)                     Turns: 7495, Time: 00:15:07

Health: -3/55      AC:  7    Str: 10    XL:     7   Next: 30%
Magic:  11/20      EV:  7    Int: 20    God:    Vehumet [......]
Gold:   258        SH:  0    Dex:  9    Spells: 4 memorised, 3 levels left

rFire  . . .     SeeInvis +     a - +0 spear
rCold  . . .     Clarity  .     i - +0 robe
rNeg   . . .     SustAb   .     (no shield)
rPois  +         Gourm    .     b - +0 hat
rElec  .         Spirit   .     (no cloak)
rCorr  .         Warding  .     (no gloves)
rMut   .         Stasis   .     I - +0 naga barding
MR     +....                    (no amulet)
Stlth  ++........               s - ring of protection from magic
                                o - ring of magical power

@: very slow, somewhat resistant to hostile enchantments, unstealthy
A: see invisible, deformed body, poison resistance, slowness 2, spit poison 2,
AC +2
a: Spit Poison, Renounce Religion


You were on level 6 of the Dungeon.
You worshipped Vehumet.
Vehumet was noncommittal.
You were not hungry.

You visited 2 branches of the dungeon, and saw 7 of its levels.

You collected 258 gold pieces.

Inventory:

Hand weapons
 a - a +0 spear (weapon)
 C - a +2 mace of pain
 F - a +0 hand axe of freezing
Missiles
 f - 80 stones (quivered)
 t - 7 tomahawks
 y - 15 poisoned needles
Armour
 b - a +0 hat (worn)
 i - a +0 robe (worn)
 I - a +0 naga barding (worn)
Jewellery
 o - a ring of magical power (left hand)
 q - an uncursed ring of flight {unknown}
 s - a ring of protection from magic (right hand)
Magical devices
 n - a wand of magic darts (31)
Scrolls
 e - 6 scrolls of enchant weapon {unknown}
 l - 5 scrolls of identify {unknown}
 m - a scroll of enchant armour {unknown}
 p - 2 scrolls of fear {unknown}
 r - 3 scrolls of random uselessness {unknown}
 z - a scroll of noise {unknown}
 B - a scroll of fog {unknown}
 G - 2 scrolls of teleportation {unknown}
 H - a scroll of recharging {unknown}
Potions
 g - 2 potions of cancellation {unknown}
 h - 2 potions of resistance {unknown}
 j - a potion of heal wounds {unknown}
 k - 4 potions of curing {unknown}
 v - 2 potions of berserk rage {unknown}
 x - a potion of lignification {unknown}
 A - a potion of might {unknown}
Books
 c - a book of Minor Magic

   Spells                             Type                      Level
   a - Magic Dart                     Conjuration                  1
   b - Blink                          Translocation                2
   c - Call Imp                       Summoning                    2
   d - Repel Missiles                 Charms/Air                   2
   e - Slow                           Hexes                        2
   f - Conjure Flame                  Conjuration/Fire             3
   g - Mephitic Cloud                 Conjuration/Poison/Air       3
 w - a book of the Sky

   Spells                             Type                      Level
   a - Flight                         Charms/Air                   3
   b - Airstrike                      Air                          4
   c - Silence                        Hexes/Air                    5
   d - Deflect Missiles               Charms/Air                   6
   e - Conjure Ball Lightning         Conjuration/Air              6
   f - Tornado                        Air                          9
Comestibles
 d - 4 bread rations
 u - 2 meat rations
 D - 5 fruits
 E - 2 slices of pizza
 J - a chunk of flesh


   Skills:
 - Level 1.5 Dodging
 - Level 3.0 Stealth
 - Level 3.0 Spellcasting
 + Level 3.9 Conjurations
 + Level 3.9 Summonings
   Level 1.0 Translocations
 * Level 4.0 Fire Magic
 + Level 3.3 Poison Magic


You had 3 spell levels left.
You knew the following spells:

 Your Spells              Type           Power        Failure   Level  Hunger
a - Magic Dart            Conj           ###.         2%          1    None
b - Call Imp              Summ           ###.....     4%          2    ##.....
c - Conjure Flame         Conj/Fire      ###.....     10%         3    ###....
d - Mephitic Cloud        Conj/Pois/Air  ##......     17%         3    ###....


Dungeon Overview and Level Annotations

Branches:
Dungeon (6/15)             Temple (1/1) D:4

Altars:
Ashenzari
Cheibriados
Dithmenos
Gozag
Nemelex Xobeh
Qazlal
Ru
Vehumet
Yredelemnul
Zin

Shops:
D:4 =   D:5 *

Annotations:
D:2 Sigmund
D:4 Grinder


Innate Abilities, Weirdness & Mutations

You cannot wear boots.
Your serpentine skin is tough (AC +2).
You have supernaturally acute eyesight.
Armour fits poorly on your strangely shaped body.
Your system is resistant to poisons.
You cover ground very slowly.
You can spit poison.


Message History

Confirm with . or Enter, or press ? or * to list all spells.
A beastly little devil appears in a puff of flame.
Your crimson imp blinks!
Casting: Call Imp
Confirm with . or Enter, or press ? or * to list all spells.
A beastly little devil appears in a puff of frigid air.
You hit the ogre but do no damage.
The ogre is lightly wounded.
Your crimson imp disappears in a puff of smoke!
The ogre hits you with a giant club!
Your crimson imp blinks!
Your white imp hits the ogre.
Your white imp freezes the ogre.
You hit the ogre but do no damage.
The ogre is moderately wounded.
The ogre hits you with a giant club!!
Your white imp hits the ogre but does no damage.
You hit the ogre.
The ogre is heavily wounded.
The ogre hits you with a giant club!!
You die...

..# ......#..
...........
.............
.?.............
...............
...............
........ยง........
#..5O@.)......
..........5......
...............
...5..>......#.
...............
##...........
#####...... #.....
#..


You could see an ogre, 2 friendly crimson imps and a friendly white imp.

Vanquished Creatures
  An ogre (D:5)
  A scorpion (D:4)
  8 adders
  A worm (D:3)
  3 giant geckos
  2 oozes
  6 orcs
  A ball python (D:2)
  12 bats
  11 goblins
  12 hobgoblins
  5 jackals
  5 quokkas
  4 giant cockroaches
  5 giant newts
  7 kobolds
  A quokka skeleton (D:5)
  9 rats
  2 ballistomycetes (D:5)
96 creatures vanquished.

Vanquished Creatures (collateral kills)
  A phantom (D:5)
  A centaur (D:4)
  2 scorpions
  A hound (D:4)
  2 orc wizards
  3 worker ants
  Terence (D:2)
  An adder (D:2)
  An ooze (D:4)
  8 orcs
  A goblin (D:1)
  3 hobgoblins
  A bat (D:1)
  2 giant geckos
  6 jackals
  2 kobolds (D:2)
36 creatures vanquished.

Vanquished Creatures (others)
  5 crimson imps
  A giant spore (D:5)
6 creatures vanquished.

Grand Total: 138 creatures vanquished

Notes
Turn   | Place    | Note
--------------------------------------------------------------
     0 | D:1      | karlm, the Naga Wizard, began the quest for the Orb.
     0 | D:1      | Reached XP level 1. HP: 15/15 MP: 4/4
   186 | D:1      | Reached XP level 2. HP: 13/22 MP: 0/6
   190 | D:1      | Learned a level 2 spell: Call Imp
  1212 | D:1      | Reached XP level 3. HP: 5/28 MP: 0/7
  1319 | D:1      | Learned a level 3 spell: Conjure Flame
  1772 | D:2      | Noticed Terence
  1975 | D:2      | Killed Terence
  1975 | D:2      | Reached skill level 1 in Fire Magic
  1975 | D:2      | Reached XP level 4. HP: 29/36 MP: 1/8
  2617 | D:2      | Noticed Sigmund
  3359 | D:3      | Found a shattered altar of Ashenzari.
  3730 | D:3      | Reached XP level 5. HP: 39/42 MP: 8/9
  3745 | D:3      | Learned a level 3 spell: Mephitic Cloud
  4663 | D:4      | Reached skill level 1 in Poison Magic
  4813 | D:4      | Found Jeiwiawini's Jewellery Emporium.
  4887 | D:4      | Found a staircase to the Ecumenical Temple.
  4933 | D:4      | Noticed a centaur
  4968 | D:4      | Reached XP level 6. HP: 46/49 MP: 10/10
  4974 | D:4      | Killed a centaur
  5131 | Temple   | Entered the Ecumenical Temple
  5195 | Temple   | Became a worshipper of Vehumet
  5697 | D:4      | Noticed Grinder
  5937 | D:5      | Entered Level 5 of the Dungeon
  6077 | D:5      | Found Zin's Purification Station.
  6079 | D:5      | Found a glowing silver altar of Zin.
  6604 | D:5      | Reached XP level 7. HP: 37/55 MP: 7/11
  7452 | D:5      | Reached skill level 4 in Fire Magic
  7495 | D:6      | Slain by an ogre

Action                   |  1- 3 |  4- 6 |  7- 9 || total
-------------------------+-------+-------+-------++-------
Melee: Unarmed           |     1 |       |       ||     1
       Spear             |    74 |    97 |    39 ||   210
 Cast: Magic Dart        |    16 |   119 |    20 ||   155
       Call Imp          |    23 |    61 |    19 ||   103
 Abil: Spit Poison       |    16 |     3 |       ||    19
  Use: Scroll            |       |     1 |       ||     1
 Stab: Sleeping          |     2 |     2 |       ||     4
       Distracted        |       |     1 |       ||     1
  Eat: Chunk             |     5 |    17 |     4 ||    26
